 Dungeon Crawl Stone Soup version 0.26-b1-59-ge38874ec40 (webtiles) character file.

Game seed: 13398762605597371008

60 scsoc the Ducker (level 3, -11/28 HPs)
             Began as a Demonspawn Gladiator on Jan 8, 2021.
             Mangled by Sigmund
             ... wielding a +0 scythe
              (13 damage)
             ... on level 3 of the Dungeon.
             The game lasted 00:06:32 (2257 turns).

scsoc the Ducker (Demonspawn Gladiator)             Turns: 2257, Time: 00:06:33

Health: -11/28     AC:  4    Str: 15    XL:     3   Next: 80%
Magic:  0/3        EV: 13    Int:  9    God:
Gold:   93         SH:  0    Dex: 14    Spells: 2/2 levels left

rFire    . . .     SeeInvis .   a - +0 rapier
rCold    . . .     Faith    .   (no shield)
rNeg     . . .     Spirit   +   b - +0 leather armour
rPois    .         Reflect  .   c - +0 helmet
rElec    .         Harm     .   (no cloak)
rCorr    .         Rampage  .   (no gloves)
Will     .....                  (no boots)
Stlth    +.........             (no amulet)
HPRegen  0.09/turn              (no ring)
MPRegen  0.08/turn              (no ring)

@: no status effects
A: magic shield
a: no special abilities


You were on level 3 of the Dungeon.
You visited 1 branch of the dungeon, and saw 3 of its levels.

You collected 93 gold pieces.

Inventory:

Hand Weapons
 a - a +0 rapier (weapon)
Missiles
 d - 3 throwing nets (quivered)
Armour
 b - a +0 leather armour (worn)
 c - a +0 helmet (worn)
Scrolls
 e - 3 scrolls of identify
 f - a scroll of noise {unknown}
Potions
 g - a potion of brilliance
 h - a potion of mutation {unknown}


   Skills:
 + Level 2.6 Fighting
 + Level 3.2 Short Blades
 + Level 1.8 Throwing
 + Level 1.0 Armour
 + Level 3.2 Dodging
 + Level 0.1 Stealth


You had 2 spell levels left.
You didn't know any spells.
Your spell library was empty.

Dungeon Overview and Level Annotations

Branches:
Dungeon (2/15)

Altars:
Dithmenos

Annotations:
D:3 Sigmund


Innate Abilities, Weirdness & Mutations

When hurt, damage is shared between your health and your magic reserves.


Message History

Sigmund is severely wounded.
Sigmund closely misses you. The kobold barely misses you.
You hit Sigmund.
Sigmund is severely wounded.
The kobold hits you.
Sigmund casts a spell at himself.
Sigmund flickers and vanishes!
Deactivating autopickup; reactivate with Ctrl-A.
You barely miss something. The kobold closely misses you. Something hits you.
* * * LOW HITPOINT WARNING * * *
You miss something. The kobold misses you.
Something hits you but does no damage.
You barely miss something. The kobold misses you.
You barely miss something. The kobold hits you but does no damage.
Something hits you.
* * * LOW HITPOINT WARNING * * *
You miss something. The kobold hits you.
* * * LOW HITPOINT WARNING * * *
Something hits you!
You die...

..... ...
... ...
## ...
... .....
...
.#.##.#
.....##.#
#{K.....#
#@#####..
#........
#....##..
#........
#....####
#.##.#
#.. .#
### ##


You could see a kobold.

Vanquished Creatures
  An adder (D:2)
  A worm (D:2)
  2 dart slugs
  A leopard gecko (D:2)
  11 goblins
  5 hobgoblins
  4 jackals (D:1)
  4 kobolds (D:1)
  3 bats (D:1)
  6 rats
38 creatures vanquished.

Notes
Turn   | Place    | Note
-------+----------+-------------------------------------------
     0 | D:1      | scsoc the Demonspawn Gladiator began the quest for the Orb.
     0 | D:1      | Reached XP level 1. HP: 16/16 MP: 1/1
   247 | D:1      | Gained mutation: When hurt, damage is shared between your
                  | health and your magic reserves. [demonic ancestry]
   247 | D:1      | Reached XP level 2. HP: 15/22 MP: 2/2
   777 | D:1      | Reached XP level 3. HP: 28/28 MP: 3/3
  1417 | D:2      | Noticed a sky beast
  1747 | D:2      | Reached skill level 1 in Armour
  2171 | D:2      | Found a shadowy altar of Dithmenos.
  2234 | D:2      | You fall into a shaft and drop 1 floor!
  2235 | D:3      | Noticed Sigmund
  2257 | D:3      | Mangled by Sigmund

Illustrated notes

Levels and vault maps discovered:
D:1:      kennysheep_arrival_seaside, layout_basic
D:2:      layout_basic, nicolae_overflow_hidden_temple, supply_closet_lemuel,
          columned_hall_lemuel, okawaru_altar_gauntlet_db,
          uniq_crazy_yiuf_cottage
D:3:      minmay_octagon_keep, layout_basic, lemuel_doored_altar,
          chequers_serial_rivers_micro_c, uniq_sigmund, uniq_natasha

Skill      XL: |  1  2  3 |
---------------+----------+-----
Dodging        | 3 |  3.2
Short Blades   | 3 |  3.2
Armour         | 1 |  1.0
Fighting       | |  2.6
Throwing       | |  1.8
Stealth        | |  0.1

Action                   || total
-------------------------++-------
Melee: Rapier            ||   154
  Use: Scroll            ||     5
 Stab: Sleeping          ||     1
Armor: Leather armour    ||    41
Dodge: Dodged            ||   106
